 Dungeon Crawl Stone Soup version 0.30-a0-949-g53dc5368d7 (webtiles) character file.

Game seed: 10289006176234360640

908 mopl the Slasher (level 8, -2/44 HPs)
             Began as a Tengu Warper on Mar 27, 2023.
             Was a Follower of Okawaru.
             Killed from afar by an orc wizard (5 damage)
             ... with a puff of flame
             ... on level 6 of the Dungeon.
             The game lasted 00:04:48 (4487 turns).

mopl the Slasher (Tengu Warper)                     Turns: 4487, Time: 00:04:48

Health: -2/44      AC:  9    Str: 15    XL:     8   Next: 8%
Magic:  12/12      EV: 13    Int: 13    God:    Okawaru [*.....]
Gold:   367        SH:  0    Dex: 13    Spells: 2/11 levels left

rFire   . . .      SeeInvis .    a - +0 falchion
rCold   . . .      Faith    .    (no shield)
rNeg    . . .      Spirit   .    r - +3 ring mail
rPois   .          Reflect  .    (helmet restricted)
rElec   .          Rampage  .    (no cloak)
rCorr   .                        q - +0 pair of gloves
Will    .....                    (boots unavailable)
Stlth   +                        B - amulet of magic regeneration
HPRegen 0.27/turn                (no ring)
MPRegen 0.53/turn                (no ring)

@: flying quickly and evasively, quick
A: beak, talons 3, nimble flight
a: Renounce Religion, Heroism


You were on level 6 of the Dungeon.
You worshipped Okawaru.
Okawaru was aware of your devotion.
You visited 2 branches of the dungeon, and saw 7 of its levels.

You collected 367 gold pieces.

Inventory:

Hand Weapons
 a - a +0 falchion (weapon)
 x - a +0 dagger of electrocution
 y - a +2 dagger of draining
Missiles
 d - 7 boomerangs of dispersal
Armour
 q - a +0 pair of gloves (worn)
 r - a +3 ring mail (worn)
Jewellery
 o - a ring of ice
 B - an amulet of magic regeneration (around neck)
Wands
 z - a wand of digging (4)
Scrolls
 c - 3 scrolls of blinking
 e - 2 scrolls of brand weapon {unknown}
 g - 9 scrolls of identify {unknown}
 h - 2 scrolls of poison {unknown}
 j - 2 scrolls of amnesia {unknown}
 l - a scroll of butterflies {unknown}
 n - 6 scrolls of vulnerability {unknown}
 u - 3 scrolls of teleportation {unknown}
 w - a scroll of noise {unknown}
 C - a scroll of acquirement {unknown}
Potions
 b - a potion of flight {unknown}
 f - 2 potions of mutation {unknown}
 i - a potion of haste {unknown}
 k - a potion of attraction {unknown}
 m - a potion of berserk rage {unknown}
 p - 3 potions of degeneration {unknown}
 s - 2 potions of curing
 t - a potion of brilliance {unknown}
 v - a potion of heal wounds {unknown}
 A - 3 potions of invisibility {unknown}


   Skills:
 - Level 2.0 Fighting
 * Level 7.8 Long Blades
 - Level 1.0 Throwing
 - Level 1.1 Armour
 - Level 2.1 Dodging
 - Level 2.0 Spellcasting
 + Level 4.6 Translocations
 + Level 1.8 Air Magic
 + Level 2.2 Invocations


You had 2 spell levels left.
You knew the following spells:

 Your Spells              Type           Power      Damage    Failure   Level
a - Vhi's Electric Charg  Tloc/Air       18%        N/A       38%         3
d - Manifold Assault      Tloc           13%        N/A       58%         4
e - Blink                 Tloc           26%        N/A       12%         2

Your spell library contained the following spells:

 Spells                   Type           Power      Damage    Failure   Level
 Lesser Beckoning         Tloc           26%        N/A       12%         2
 Momentum Strike          Conj/Tloc      14%        3d8       30%         2
 Beastly Appendage        Tmut           2%         N/A       45%         1
 Wereblood                Tmut           1%         N/A       58%         2
 Teleport Other           Tloc           13%        N/A       22%         3
 Inner Flame              Hex/Fire       1%         N/A       83%         3
 Spider Form              Tmut/Pois      1%         N/A       83%         3
 Flame Wave               Conj/Fire      1%         2d4       99%         4
 Sticky Flame             Conj/Fire      1%         2d3       99%         4


Dungeon Overview and Level Annotations

Branches:
Dungeon (6/15)             Temple (1/1) D:4

Altars:
Ashenzari
Cheibriados
Dithmenos
Elyvilon
Fedhas
Gozag
Kikubaaqudgha
Makhleb
Nemelex Xobeh
Okawaru
Qazlal
Ru
Sif Muna
Trog
Uskayaw
Vehumet
Wu Jian
Zin
The Shining One


Innate Abilities, Weirdness & Mutations

You have a beak for a mouth.
You have claws for feet.
Your magical nature lets you fly swiftly and evasively.


Message History

The orc wizard is lightly wounded.
The orc wizard closely misses you.
Unknown command.
You completely miss the orc wizard. You claw the orc wizard.
The orc wizard is moderately wounded.
The orc wizard closely misses you.
The orc priest calls upon Beogh to heal the orc wizard.
The orc wizard's wounds heal themselves!
Unknown command.
You hit the orc wizard but do no damage.
The orc wizard mumbles some strange words.
The orc wizard flickers and vanishes!
Deactivating autopickup; reactivate with Ctrl-A.
Unknown command.
You hit something but do no damage. Your kick misses something.
You hear some strange, mumbled words.
A magic dart appears from out of thin air!
The magic dart hits you.
Unknown command.
You closely miss something. Something hits you but does no damage.
Unknown command.
You barely miss something. Your peck misses something.
Unknown command.
You closely miss something. Your kick misses something.
Your peck misses something. Something hits you.
Unknown command.
You hit something. Your kick misses something. You peck something.
Something hits you.
You miss something. You claw something. Something barely misses you.
Unknown command.
You miss something. You claw something. You peck something. Something hits you.
The orc priest calls down the wrath of Beogh upon you.
Beogh smites you!
* * * LOW HITPOINT WARNING * * *
Unknown command.
You hit something. Your kick misses something. Your peck misses something.
You hear some strange, mumbled words.
A puff of flame appears from out of thin air!
The puff of flame hits you.
You die...

##..........####
#..... ###..........#
#..... #...^........#
#..... #...#..#######
#..... #.. ##.#
##########... #. #.#
#......###### # #.##
#......##....
#.o######......##.###
##o{@..##......##.#
#####..'......##.#
####......##.#
#......##.###
######......##....
#...........######
#.........#.# #
#(........#.######
#.........#.....##


You could see an orc priest and an orc.

Vanquished Creatures
  An ice beast (D:5)
  A bullfrog (D:6)
  A scorpion (D:5)
  2 howler monkeys
  A centaur zombie (D:4)
  2 hounds
  2 jellies (D:5)
  A centaur skeleton (D:4)
  An iguana (D:4)
  A sleepcap (D:5)
  2 scorpion zombies (D:4)
  2 orc wizards (D:5)
  2 hound zombies (D:4)
  A mummy (D:3)
  2 howler monkey zombies (D:4)
  A hound skeleton (D:4)
  3 gnolls (D:4)
  6 adders
  A white imp (D:5)
  An ufetubus (D:5)
  2 adder zombies (D:4)
  An adder skeleton (D:4)
  2 worms (D:2)
  2 dart slugs
  7 orcs
  4 endoplasms
  2 giant cockroaches
  5 goblins
  3 hobgoblins
  6 jackals (D:4)
  5 quokkas
  9 ball pythons
  5 bats
  4 frilled lizards
  4 kobolds
  5 rats
100 creatures vanquished.

Vanquished Creatures (others)
  8 toadstools
  9 withered plants (D:4)
17 creatures vanquished.

Grand Total: 117 creatures vanquished

Notes
Turn   | Place    | Note
-------+----------+-------------------------------------------
     0 | D:1      | mopl the Tengu Warper began the quest for the Orb.
     0 | D:1      | Reached XP level 1. HP: 12/12 MP: 4/4
   122 | D:1      | Reached XP level 2. HP: 15/17 MP: 6/6
   148 | D:1      | Learned a level 2 spell: Blink
   318 | D:1      | Reached skill level 3 in Long Blades
   473 | D:1      | Reached XP level 3. HP: 19/21 MP: 7/7
   742 | D:2      | Found a radiant altar of Vehumet.
  1471 | D:3      | Reached skill level 3 in Translocations
  1491 | D:3      | Reached skill level 4 in Long Blades
  1491 | D:3      | Reached XP level 4. HP: 15/26 MP: 8/8
  1840 | D:3      | Found a snail-covered altar of Cheibriados.
  2179 | D:3      | Found a blossoming altar of Fedhas.
  2341 | D:4      | Gained mutation: Your magical nature lets you fly swiftly
                  | and evasively. [Tengu growth]
  2341 | D:4      | Reached XP level 5. HP: 26/30 MP: 9/9
  2348 | D:4      | Reached skill level 5 in Long Blades
  2463 | D:4      | Reached XP level 6. HP: 26/35 MP: 10/10
  2635 | D:4      | Reached skill level 6 in Long Blades
  2710 | D:3      | Found a white marble altar of Elyvilon.
  2710 | D:3      | Found a shadowy altar of Dithmenos.
  2761 | D:4      | Reached skill level 4 in Translocations
  2922 | D:4      | Found a staircase to the Ecumenical Temple.
  3218 | Temple   | Entered the Ecumenical Temple
  3224 | Temple   | Became a worshipper of Warmaster Okawaru
  3276 | D:5      | Entered Level 5 of the Dungeon
  3304 | D:5      | Reached XP level 7. HP: 22/40 MP: 11/11
  3474 | D:5      | Reached skill level 1 in Invocations
  3509 | D:5      | Reached skill level 7 in Long Blades
  3539 | D:5      | Reached * piety under Okawaru
  3751 | D:5      | Learned a level 3 spell: Vhi's Electric Charge
  3756 | D:5      | Learned a level 4 spell: Manifold Assault
  4033 | D:5      | Reached skill level 1 in Air Magic
  4227 | D:6      | Reached skill level 2 in Invocations
  4266 | D:6      | Reached XP level 8. HP: 44/44 MP: 12/12
  4487 | D:6      | Killed from afar by an orc wizard

Illustrated notes

Levels and vault maps discovered:
D:1:      ldierk_walled_garden_2, layout_loops_ring, minmay_pentomino_v4
D:2:      layout_loops_ring, basic_altar, minmay_gold_behind_fungi
D:3:      layout_basic, slow_altar_2, nicolae_overflow_hidden_temple,
          minivault_11
D:4:      layout_basic, minmay_temple_entry_poolview, serial_undead,
          serial_undead_a, serial_undead_e, serial_undead_c, serial_undead_b,
          serial_undead_f, serial_undead_b, serial_undead_b, serial_undead_c
D:5:      layout_basic
D:6:      layout_basic, mainiacjoe_overflow_big_doors
Temple:   nicolae_temple_no_exploring_needed

Skill      XL: |  1  2  3  4  5  6  7 |
---------------+----------------------+-----
Long Blades    | 3 4 5 6 7 |  7.8
Translocations | 3 4 |  4.6
Invocations    | 2 |  2.2
Air Magic      | 1 |  1.8
Fighting       | |  2.0
Throwing       | |  1.0
Armour         | |  1.1
Dodging        | |  2.1
Spellcasting   | |  2.0

Action                     |  1- 3 |  4- 6 |  7- 9 || total
---------------------------+-------+-------+-------++-------
  Melee: Falchion          |    91 |   179 |   102 ||   372
         Kick              |    20 |    58 |    29 ||   107
         Peck              |    12 |    30 |    25 ||    67
         Punch             |     1 |     3 |       ||     4
    Use: Potion            |       |       |     1 ||     1
   Stab: Sleeping          |     1 |       |       ||     1
 Armour: Leather armour    |    26 |       |       ||    26
         Ring mail         |       |   103 |    35 ||   138
  Dodge: Dodged            |    52 |   136 |    75 ||   263

Table legend: (Time is in decaauts)
 A = Elapsed time spent in this place.
 B = Non-inter-level travel time spent in this place.
 C = Inter-level travel time spent in this place.
 D = Time resting spent in this place.
 E = Time spent auto-exploring this place.
 F = Levels seen in this place.
 G = Mean time per level.
                   A        B        C        D        E       F      G
               +--------+--------+--------+--------+--------+-----+--------+
         Total |   4336 |   4092 |    244 |    340 |   2940 |   7 |  619.4 |
       Dungeon |   4325 |   4088 |    237 |    340 |   2940 |   6 |  720.8 |
        Temple |     11 |      5 |      6 |      0 |      0 |   1 |   11.0 |
               +--------+--------+--------+--------+--------+-----+--------+

Top non-repeatable levels by time:
     D:4: 936 daAuts
     D:3: 838 daAuts
     D:5: 812 daAuts
     D:2: 717 daAuts
     D:1: 714 daAuts
     D:6: 305 daAuts
  Temple: 11 daAuts
